 Dungeon Crawl Stone Soup version 0.22-a0-460-g49b1da7 (webtiles) character file.

15661 emperorscorpion the Eclecticist (level 12, -2/64 HPs)
             Began as a Deep Elf Earth Elementalist on June 9, 2018.
             Was a Follower of Uskayaw.
             Killed from afar by an electric eel (12 damage)
             ... with a bolt of electricity
             ... on level 10 of the Dungeon.
             The game lasted 00:27:10 (13341 turns).

emperorscorpion the Eclecticist (DEEE)             Turns: 13341, Time: 00:27:11

Health: -2/64      AC:  4    Str:  5    XL:     12   Next: 3%
Magic:  20/33      EV: 15    Int: 26    God:    Uskayaw [*.....]
Gold:   477        SH:  0    Dex: 15    Spells: 32/41 levels left

rFire    . . .     SeeInvis .   a - +4 war axe (flame)
rCold    + . .     Gourm    .   (no shield)
rNeg     . . .     Faith    .   n - +1 robe {Archmagi}
rPois    .         Spirit   .   (no helmet)
rElec    .         Reflect  .   t - +0 cloak
rCorr    .         Harm     .   (no gloves)
MR       ++...                  (no boots)
Stlth    +++.......             z - amulet of magic regeneration
HPRegen  0.20/turn              G - ring of protection from magic
MPRegen  0.48/turn              Y - ring of protection from cold

@: no status effects
A: no striking features
a: Stomp, Renounce Religion


You were on level 10 of the Dungeon.
You worshipped Uskayaw.
Uskayaw was noncommittal.
You were hungry.

You visited 1 branch of the dungeon, and saw 10 of its levels.

You collected 477 gold pieces.

Inventory:

Hand Weapons
 a - a +4 war axe of flaming (weapon)
 l - a +0 short sword
 X - a +0 blowgun
Missiles
 b - 287 stones
 e - 3 throwing nets
 o - 101 bolts
 r - 56 poisoned needles
 y - 151 arrows
 A - 15 tomahawks (quivered)
 K - 2 javelins
 W - 3 curare-tipped needles
Armour
 c - a +0 robe
 n - a +1 robe of the Archmagi (worn)
 t - a +0 cloak (worn)
Jewellery
 i - an uncursed ring of stealth
 j - a +2 ring of strength
 z - an amulet of magic regeneration (around neck)
 E - a +2 ring of protection
 G - a ring of protection from magic (left hand)
 N - an uncursed ring of positive energy {unknown}
 Y - a ring of protection from cold (right hand)
Wands
 m - a wand of acid (7)
 F - a wand of enslavement (14)
 M - a wand of polymorph (13)
 S - a wand of clouds (6)
 U - a wand of digging (14)
 V - a wand of iceblast (5)
Scrolls
 f - a scroll of fear
 u - 2 scrolls of identify
 w - a scroll of magic mapping
 I - 2 scrolls of amnesia
 J - a scroll of remove curse
 L - 2 scrolls of fog
 O - a scroll of summoning {unknown}
 Q - a scroll of blinking
 R - a scroll of acquirement {unknown}
 T - a scroll of teleportation
Potions
 g - 2 potions of brilliance
 h - 2 potions of cancellation
 k - 2 potions of curing {unknown}
 p - 4 potions of agility {unknown}
 q - 2 potions of might {unknown}
 s - a potion of flight {unknown}
 v - 3 potions of degeneration {unknown}
 x - a potion of mutation {unknown}
 B - 4 potions of haste {unknown}
 C - 3 potions of heal wounds {unknown}
 D - a potion of berserk rage {unknown}
 H - a potion of invisibility {unknown}
 P - 2 potions of lignification {unknown}
Comestibles
 d - 23 rations


   Skills:
 + Level 3.5 Fighting
 - Level 1.2 Short Blades
 + Level 5.8 Axes
 + Level 1.3 Throwing
 + Level 4.7 Dodging
 + Level 5.6 Stealth
 + Level 15.1 Spellcasting
 + Level 3.4 Conjurations
   Level 1.1 Transmutations
 + Level 12.6 Earth Magic
 + Level 0.1 Evocations


You had 32 spell levels left.
You knew the following spells:

 Your Spells              Type           Power        Failure   Level  Hunger
a - Sandblast             Erth           ######       0%          1    None
b - Stone Arrow           Conj/Erth      ######       1%          3    None
c - Lee's Rapid Deconstr  Erth           #######...   1%          5    #......

Your spell library contained the following spells:

 Spells                   Type           Power        Failure   Level  Hunger
 Summon Small Mammal      Summ           ####         2%          1    None
 Summon Ice Beast         Ice/Summ       ####....     26%         4    None
 Call Imp                 Summ           ####....     4%          2    None
 Passwall                 Tmut/Erth      ######..     1%          2    None
 Call Canine Familiar     Summ           ####....     9%          3    None
 Petrify                  Tmut/Erth      ######..     1%          4    None
 Summon Lightning Spire   Summ/Air       ####....     26%         4    None
 Summon Guardian Golem    Hex/Summ       ####....     9%          3    None


Dungeon Overview and Level Annotations

Branches:
Dungeon (10/15)            Temple (0/1) D:7
   Lair: D:8-11         Orc: D:9-12

Altars:
Ashenzari
Dithmenos
Hepliaklqana
Makhleb
Sif Muna
Uskayaw
Xom


Message History

You feel a surge of power!
The stone arrow hits the crimson imp.
The crimson imp is almost dead.
Uskayaw will force your foes to share their pain.
Casting: Stone Arrow (safe; 1% risk of failure)
Confirm with . or Enter, or press ? or * to list all spells.
Aiming: Stone Arrow (safe; 1% risk of failure)
Press: ? - help, Shift-Dir - straight line, f/p - crimson imp
Aim: a crimson imp (severely wounded, paralysed)
You feel a surge of power!
The stone arrow hits the crimson imp.
You kill the crimson imp!
You start resting.
You can no longer pass through a line of other dancers.
Your magical contamination has completely faded away. 2 electric eels come into view.
The electric eel moves out of view.
You see here a hippogriff corpse.
You butcher the hippogriff corpse.
The electric eel shoots out a bolt of lightning at you!
The bolt of electricity hits you!
You die...

#....##.##+#..###.#.
#....##.##.#..###.#.
#....##.##.#......#.
#....##.............
#..........#..####..
#..........#..# #..
#..........#..# #..
#..........+..# #.#
#..@.......#..# #.#
#..........+..# #..
##+#.......#..# #.#
.....##.#..#
......#.# ##.#
....... .... .....##
.... ..;≈≈≈ .#.#
....


You could see an electric eel.

Vanquished Creatures
  A centaur warrior (D:9)
  5 two-headed ogres
  A tengu warrior (D:9)
  The ghost of Scuka the Transmogrifier, a novice DrTm of Makhleb (D:8)
  An unseen horror (D:10)
  A glowing orange brain (D:9)
  Pikel (D:8)
  Joseph (D:7)
  3 trolls
  5 slime creatures (D:7)
  A hippogriff (D:10)
  10 yaks
  A hungry ghost (D:8)
  2 steam dragons
  Duvessa (D:7)
  A water moccasin (D:7)
  An ice beast (D:7)
  2 black bears (D:8)
  6 orc warriors
  2 necrophages
  3 phantoms
  3 slaves (D:8)
  5 ogres
  A boggart (D:9)
  2 big kobolds
  8 bullfrogs
  6 scorpions
  A water moccasin zombie (D:8)
  Dowan (D:7)
  A killer bee (D:9)
  3 wights (D:7)
  2 howler monkeys
  2 bullfrog zombies (D:10)
  6 crimson imps
  6 jellies
  5 hounds
  A centaur skeleton (D:9)
  10 orc priests
  4 iguanas
  12 orc wizards
  3 bullfrog skeletons
  7 worker ants
  A hound zombie (D:5)
  3 hound skeletons
  3 worker ant zombies
  Robin (D:3)
  3 gnolls
  11 adders
  A shadow imp (D:9)
  10 oozes
  An adder skeleton (D:4)
  4 worms
  9 leopard geckos
  55 orcs
  3 giant cockroaches (D:1)
  12 goblins
  10 hobgoblins
  11 jackals
  3 quokkas
  A ball python (D:3)
  4 bats
  4 frilled lizards
  2 jackal zombies
  20 kobolds
  2 leopard gecko skeletons
  8 rats
321 creatures vanquished.

Vanquished Creatures (others)
  5 fungi (D:2)
  7 toadstools (D:2)
12 creatures vanquished.

Grand Total: 333 creatures vanquished

Notes
Turn   | Place    | Note
-------+----------+-------------------------------------------
     0 | D:1      | emperorscorpion the Deep Elf Earth Elementalist began the quest for the Orb.
     0 | D:1      | Reached XP level 1. HP: 10/10 MP: 6/6
   149 | D:1      | Reached XP level 2. HP: 14/15 MP: 6/8
  1203 | D:1      | Reached XP level 3. HP: 15/19 MP: 9/9
  1211 | D:1      | Learned a level 3 spell: Stone Arrow
  1935 | D:2      | Reached skill level 1 in Short Blades
  2286 | D:2      | Reached XP level 4. HP: 8/24 MP: 4/11
  2523 | D:2      | Found a hide-covered altar of Uskayaw.
  2523 | D:2      | Found a deep blue altar of Sif Muna.
  2527 | D:2      | Became a worshipper of Uskayaw the Reveler
  2561 | D:2      | Reached * piety under Uskayaw
  2813 | D:2      | Reached ** piety under Uskayaw
  2879 | D:2      | Reached skill level 1 in Axes
  2879 | D:2      | Reached skill level 4 in Spellcasting
  2879 | D:2      | Reached XP level 5. HP: 24/28 MP: 11/13
  2885 | D:2      | Reached *** piety under Uskayaw
  2888 | D:2      | Reached **** piety under Uskayaw
  3221 | D:3      | Learned a level 5 spell: Lee's Rapid Deconstruction
  3396 | D:3      | Reached XP level 6. HP: 15/33 MP: 8/14
  3688 | D:3      | Reached skill level 1 in Conjurations
  3943 | D:3      | Found a shattered altar of Ashenzari.
  4100 | D:3      | Reached skill level 1 in Fighting
  4296 | D:3      | Noticed Robin
  4305 | D:3      | Killed Robin
  5214 | D:4      | Found a shimmering altar of Xom.
  5225 | D:4      | Reached XP level 7. HP: 35/38 MP: 3/15
  5379 | D:4      | Reached skill level 5 in Earth Magic
  5966 | D:5      | Entered Level 5 of the Dungeon
  5989 | D:5      | Reached skill level 5 in Spellcasting
  7274 | D:6      | Reached skill level 6 in Spellcasting
  7274 | D:6      | Reached XP level 8. HP: 43/43 MP: 7/19
  7522 | D:6      | Reached skill level 7 in Spellcasting
  8340 | D:7      | Reached skill level 8 in Spellcasting
  8680 | D:7      | Reached XP level 9. HP: 49/49 MP: 12/23
  8727 | D:7      | Noticed a troll
  8778 | D:7      | Killed a troll
  8778 | D:7      | Reached skill level 9 in Spellcasting
  8842 | D:7      | Noticed Joseph
  8856 | D:7      | Killed Joseph
  8856 | D:7      | Reached skill level 5 in Axes
  9028 | D:7      | Found a staircase to the Ecumenical Temple.
  9079 | D:7      | Noticed Duvessa
  9081 | D:7      | Noticed Dowan
  9082 | D:7      | Killed Dowan
  9085 | D:7      | Killed Duvessa
  9156 | D:7      | Reached skill level 10 in Spellcasting
  9349 | D:7      | Reached skill level 11 in Spellcasting
  9349 | D:7      | Reached XP level 10. HP: 16/54 MP: 2/27
  9619 | D:7      | Found a hazy altar of Hepliaklqana.
 10056 | D:8      | Noticed a two-headed ogre
 10059 | D:8      | Killed a two-headed ogre
 10096 | D:8      | Noticed a two-headed ogre
 10109 | D:8      | Killed a two-headed ogre
 10109 | D:8      | Reached skill level 5 in Stealth
 10109 | D:8      | Reached skill level 12 in Spellcasting
 10109 | D:8      | Reached skill level 10 in Earth Magic
 10368 | D:8      | Noticed a two-headed ogre
 10430 | D:8      | Noticed Scuka's ghost (novice DrTm)
 10438 | D:8      | Killed Scuka's ghost
 10442 | D:8      | Killed a two-headed ogre
 10442 | D:8      | Reached skill level 13 in Spellcasting
 10452 | D:8      | Reached ***** piety under Uskayaw
 10678 | D:8      | Noticed Pikel
 10682 | D:8      | Killed Pikel
 10682 | D:8      | Reached XP level 11. HP: 58/59 MP: 18/30
 10793 | D:8      | Found a burning altar of Makhleb.
 11016 | D:9      | Found a shadowy altar of Dithmenos.
 11327 | D:9      | Noticed a two-headed ogre
 11331 | D:9      | Killed a two-headed ogre
 11331 | D:9      | Reached skill level 14 in Spellcasting
 11414 | D:9      | Noticed a centaur warrior
 11416 | D:9      | Killed a centaur warrior
 11553 | D:9      | Noticed a two-headed ogre
 11578 | D:9      | Noticed a glowing orange brain
 11580 | D:9      | Killed a glowing orange brain
 11581 | D:9      | Noticed a tengu warrior
 11582 | D:9      | Killed a tengu warrior
 11648 | D:9      | HP: 1/59 [troll (2)]
 12108 | D:9      | Noticed a stone giant
 12129 | D:9      | HP: 3/60 [two-headed ogre/giant spiked club (25)]
 12130 | D:9      | Killed a two-headed ogre
 12691 | D:10     | Entered Level 10 of the Dungeon
 12847 | D:10     | Killed an unseen horror
 12851 | D:10     | Reached skill level 15 in Spellcasting
 12857 | D:10     | Reached skill level 1 in Throwing
 13248 | D:10     | Reached XP level 12. HP: 64/64 MP: 23/33
 13341 | D:10     | Killed from afar by an electric eel

Vault maps used:
D:1:      dpeg_arrival_tiny_a, roderic_serpentine_path, minmay_octomino_j4
D:2:      cheibrodos_fertilizer, gammafunk_temple_overflow_wave,
          hangedman_decor_growths
D:3:      ashenzari_conservatory_becter, first_ration, serial_bayou_pond_d,
          uniq_robin
D:4:      cheibrodos_pilgrimage, xom_confusion_cloud
D:7:      lemuel_doored_altar, minmay_temple_entry_mist, grunt_ogre_cave,
          grunt_potential, uniq_duvessa, uniq_joseph
D:8:      makhleb_blood_cavern_becter, uniq_pikel
D:9:      minmay_chopped_fan, grunt_dithmenos_smoke_and_mirrors

Skill      XL: |  1  2  3  4  5  6  7  8  9 10 11 |
---------------+----------------------------------+-----
Dodging        | 3 4 |  4.7
Short Blades   | 1 |  1.2
Earth Magic    | 4 5 6 9 11 12 | 12.6
Stealth        | 3 4 5 |  5.6
Axes           | 1 2 3 4 5 |  5.8
Spellcasting   | 4 6 8 11 13 15 | 15.1
Conjurations   | 1 2 3 |  3.4
Fighting       | 1 2 3 |  3.5
Throwing       | 1 |  1.3
Transmutations | |  1.1
Evocations     | |  0.1

Action                   |  1- 3 |  4- 6 |  7- 9 | 10-12 || total
-------------------------+-------+-------+-------+-------++-------
Melee: Short sword       |    99 |       |       |       ||    99
       War axe           |     4 |    99 |    76 |    46 ||   225
Throw: Tomahawk          |       |       |     4 |     9 ||    13
 Cast: Sandblast         |    34 |     1 |       |       ||    35
       Stone Arrow       |     3 |    29 |    29 |    55 ||   116
       Lee's Rapid Decon |       |     1 |    58 |    92 ||   151
Evoke: Wand              |       |       |     1 |     1 ||     2
  Use: Scroll            |     1 |     4 |     7 |       ||    12
 Stab: Sleeping          |     4 |     7 |       |     2 ||    13
       Distracted        |     1 |       |       |       ||     1
       Paralysed         |       |       |     2 |     5 ||     7
  Eat: Chunk             |     4 |    13 |    25 |    15 ||    57
       Ration            |       |       |     1 |     1 ||     2
Armor: Robe              |    27 |    14 |    12 |     8 ||    61
Dodge: Dodged            |    98 |    69 |    47 |    39 ||   253

Table legend:
 A = Spawn XP
 B = Non-spawn XP
 C = Spawn XP percentage of total XP
 D = Spawn monster count
 E = Non-spawn monster count
 F = Spawn count percentage of total count
 G = Total turns spent on level
                    A         B        C        D         E        F      G
               +---------+---------+-------+---------+---------+-------+---------
         Total |       0 |   22374 |   0.0 |       0 |     318 |   0.0 | 13341
               +---------+---------+-------+---------+---------+-------+---------
           D:1 |       0 |      50 |   0.0 |       0 |      31 |   0.0 |  1914
           D:2 |       0 |     243 |   0.0 |       0 |      32 |   0.0 |  1436
           D:3 |       0 |     172 |   0.0 |       0 |      34 |   0.0 |  1238
           D:4 |       0 |     500 |   0.0 |       0 |      24 |   0.0 |  1378
           D:5 |       0 |     407 |   0.0 |       0 |      21 |   0.0 |  1296
           D:6 |       0 |     851 |   0.0 |       0 |      24 |   0.0 |  1072
           D:7 |       0 |    3800 |   0.0 |       0 |      44 |   0.0 |  1712
           D:8 |       0 |    5865 |   0.0 |       0 |      36 |   0.0 |   912
           D:9 |       0 |    7978 |   0.0 |       0 |      54 |   0.0 |  1755
          D:10 |       0 |    2508 |   0.0 |       0 |      18 |   0.0 |   628
               +---------+---------+-------+---------+---------+-------+---------
